 Dungeon Crawl Stone Soup version 0.19-a0-1732-g0b18a7b (webtiles) character file.

169 kae the Skirmisher (level 5, 0/43 HPs)
             Began as a Formicid Fighter on Sept 30, 2016.
             Killed from afar by an orc wizard (9 damage)
             ... with a puff of frost
             ... on level 3 of the Dungeon.
             The game lasted 00:02:02 (2591 turns).

kae the Skirmisher (Formicid Fighter)               Turns: 2591, Time: 00:02:03

Health: 0/43       AC:  6    Str: 21    XL:     5   Next: 79%
Magic:  5/5        EV:  7    Int:  8    God:
Gold:   135        SH:  9    Dex: 10    Spells: 0 memorised, 4 levels left

rFire  . . .     SeeInvis +     a - +0 long sword
rCold  . . .     Gourm    .     b - +0 scale mail
rNeg   . . .     Faith    .     c - +0 shield
rPois  .         Spirit   .     (helmet unavailable)
rElec  .         Dismiss  .     (no cloak)
rCorr  .         Reflect  .     (no gloves)
MR     .....     Harm     .     (no boots)
Stlth  ..........               (no amulet)
                                (no ring)
                                (no ring)

@: drained
A: permanent stasis, dig shafts and tunnels, four strong arms, antennae 3
a: Dig, Shaft Self


You were on level 3 of the Dungeon.
You were not hungry.

You visited 1 branch of the dungeon, and saw 3 of its levels.

You collected 135 gold pieces.

Inventory:

Hand Weapons
 a - a +0 long sword (weapon)
Armour
 b - a +0 scale mail (worn)
 c - a +0 shield (worn)
Jewellery
 r - a cursed ring of loudness {unknown}
Scrolls
 g - 2 scrolls of identify {unknown}
 h - 2 scrolls of remove curse {unknown}
 i - 2 scrolls of random uselessness {unknown}
 j - 3 scrolls of immolation {unknown}
 n - a scroll of enchant weapon {unknown}
 s - a scroll of amnesia {unknown}
 t - a scroll of recharging {unknown}
 v - a scroll of noise {unknown}
 w - a scroll of teleportation {unknown}
 y - a scroll of enchant armour {unknown}
Potions
 d - 2 potions of might
 e - a potion of cure mutation {unknown}
 l - a potion of degeneration {unknown}
 m - a potion of curing {unknown}
 o - 3 potions of heal wounds {unknown}
 u - a potion of lignification {unknown}
Comestibles
 f - 3 bread rations
 k - 3 beef jerkies
 p - a slice of pizza
 q - 2 meat rations
 x - a chunk of flesh


   Skills:
 + Level 4.6(4.4) Fighting
 * Level 4.3(4.0) Long Blades
 - Level 3.5(3.3) Armour
 - Level 3.8(3.6) Shields


You had 4 spell levels left.
You didn't know any spells.

Dungeon Overview and Level Annotations

Branches:
Dungeon (3/15)

Altars:
Xom


Innate Abilities, Weirdness & Mutations

You are under a permanent stasis effect.
You can dig through walls and to a lower floor.
Your four strong arms can wield two-handed weapons with a shield.
You have a pair of large antennae on your head. (SInv)


Message History

Unknown command.
Unknown command.
You extend your mandibles.
You dig through the rock wall.
The orc hits you with a morningstar.
* * * LOW HITPOINT WARNING * * *
You retract your mandibles.
You slash the orc priest!
You kill the orc priest!
The orc closely misses you.
You riposte.
You hit the orc.
The orc is heavily wounded.
Unknown command.
You barely miss the orc wizard.
The orc wizard hits you but does no damage.
You feel drained. You block the orc's attack.
You hit the orc.
You kill the orc!
You block the orc wizard's attack. You block the orc's attack.
The orc hits you but does no damage.
The orc wizard gestures at you while chanting.
The puff of frost hits you!
You die...

#...................
######...########.#..#.##
.........................
######.........##.#....##
######.........##.##.#.##
#..................[.....
#.####....†.....#.##.....
#....oo...........#.
#..@##o....#.##...#.
#.####...)#.....#.###..#.
#.......)#......#.###..#.
#####>....).............†
#................##..##
#......##.........#..##
#......................
#......##..#..##..#..#.
#.#............#..#..#.


You could see an orc wizard (invisible) and an orc.

Vanquished Creatures
  An orc priest (D:3)
  An orc wizard (D:3)
  A gnoll (D:1)
  3 adders (D:3)
  3 worms
  A leopard gecko (D:3)
  4 orcs (D:3)
  4 bats
  2 giant cockroaches
  8 goblins
  9 hobgoblins
  3 jackals (D:3)
  A quokka (D:2)
  A ball python (D:3)
  4 frilled lizards
  10 kobolds
  9 rats
65 creatures vanquished.

Notes
Turn   | Place    | Note
-------+----------+-------------------------------------------
     0 | D:1      | kae the Formicid Fighter began the quest for the Orb.
     0 | D:1      | Reached XP level 1. HP: 18/18 MP: 1/1
    80 | D:1      | Reached XP level 2. HP: 16/24 MP: 2/2
   247 | D:1      | Reached XP level 3. HP: 29/29 MP: 3/3
  1302 | D:2      | Reached XP level 4. HP: 37/37 MP: 4/4
  1948 | D:3      | Reached XP level 5. HP: 37/42 MP: 5/5
  2094 | D:3      | Found a shimmering altar of Xom.
  2591 | D:3      | Killed from afar by an orc wizard

Vault maps used:
D:1:      evilmike_arrival_fibonacci_small, kennysheep_minor_cross
D:3:      first_bread, lemuel_statue_altar

Skill      XL: |  1  2  3  4  5 |
---------------+----------------+-----
Long Blades    | 3 4 |  4.3
Fighting       | 4 |  4.6
Armour         | |  3.5
Shields        | |  3.8

Action                   |  1- 3 |  4- 6 || total
-------------------------+-------+-------++-------
Melee: Long sword        |   100 |   162 ||   262
 Abil: Dig               |       |     3 ||     3
  Eat: Chunk             |     1 |     5 ||     6
Armor: Scale mail        |    36 |    50 ||    86
Dodge: Dodged            |    29 |    46 ||    75
Block: Shield            |    50 |    83 ||   133
